 Dungeon Crawl Stone Soup version 0.20-a0-1043-gbd57889 (webtiles) character file.

56 Krakonus1 the Covered (level 3, 0/33 HPs)
             Began as a Hill Orc Fighter on Apr 24, 2017.
             Was an Initiate of Beogh.
             Slain by a bullfrog (4 damage)
             ... on level 6 of the Dungeon.
             The game lasted 00:04:05 (484 turns).

Krakonus1 the Covered (Hill Orc Fighter)             Turns: 484, Time: 00:04:06

Health: 0/33       AC:  7    Str: 23    XL:     3   Next: 97%
Magic:  3/3        EV:  7    Int:  9    God:    Beogh [......]
Gold:   74         SH:  9    Dex: 10    Spells: 2/2 levels left

rFire    . . .     SeeInvis .   a - +0 war axe
rCold    . . .     Gourm    .   c - +0 shield
rNeg     . . .     Faith    .   b - +0 scale mail
rPois    .         Spirit   .   (no helmet)
rElec    .         Reflect  .   (no cloak)
rCorr    .         Harm     .   (no gloves)
MR       .....                  (no boots)
Stlth    ..........             (no amulet)
Regen    0.2/turn               (no ring)
MPRegen  0.1/turn               (no ring)

@: mighty
A: no striking features
a: Renounce Religion


You were on level 6 of the Dungeon.
You worshipped Beogh.
Beogh was noncommittal.
You were not hungry.

You visited 1 branch of the dungeon, and saw 5 of its levels.

You collected 74 gold pieces.

Inventory:

Hand Weapons
 a - a +0 war axe (weapon)
Armour
 b - a +0 scale mail (worn)
 c - a +0 shield (worn)
Scrolls
 g - a scroll of remove curse {unknown}
 i - a scroll of immolation {unknown}
 j - a scroll of fog {unknown}
 m - a scroll of magic mapping {unknown}
Potions
 e - a potion of lignification {unknown}
 h - a potion of flight {unknown}
 k - 2 potions of invisibility {unknown}
 n - a potion of mutation {unknown}
Comestibles
 f - 4 bread rations
 l - a chunk of flesh


   Skills:
 + Level 4.0 Fighting
 + Level 3.7 Axes
 + Level 4.0 Armour
 + Level 0.2 Dodging
 + Level 3.6 Shields


You had 2 spell levels left.
You didn't know any spells.

Dungeon Overview and Level Annotations

Branches:
Dungeon (6/15)
 Temple: D:4-7

Altars:
Cheibriados
Qazlal


Message History

The bullfrog hits you but does no damage.
You slash the orc priest!
The orc priest is almost dead.
You closely miss the orc warrior. You slash the bullfrog!
The bullfrog hits you but does no damage.
You block the orc priest's attack.
The orc warrior hits you with a hand axe!
* * * LOW HITPOINT WARNING * * *
The bullfrog hits you but does no damage.
The orc priest hits you but does no damage.
You slash the orc priest!
You kill the orc priest!
Beogh accepts your kill.
Beogh appreciates your killing of a heretic priest.
Your Fighting skill increases to level 4!
Your Armour skill increases to level 4!
You completely miss the bullfrog. You slash the orc warrior!
You block the bullfrog's attack. You block the orc warrior's attack.
The bullfrog hits you.
You die...

########### ##
.......... .#
#$.#..#.# .#
#..#..#.# .#
#.oFO.#.# O#
##@#.##.# .#
#.###o#O##.###.###
.................#
........###..###.#
........# #(.###.#
........# #....#.#
........# #.##.#.#
#........#
#.##<#.# ........#
#......#


You could see an orc warrior, an ogre, a bullfrog and an orc wizard.

Vanquished Creatures
  An orc priest (D:6)
  An ooze (D:3)
  A dart slug (D:3)
  An orc (D:6)
  A ball python (D:3)
  A goblin (D:1)
  3 hobgoblins
  A kobold (D:3)
  2 quokkas (D:3)
  2 bats
  2 frilled lizards (D:1)
  3 rats
19 creatures vanquished.

Vanquished Creatures (others)
  A frilled lizard (D:3)
1 creature vanquished.

Grand Total: 20 creatures vanquished

Notes
Turn   | Place    | Note
-------+----------+-------------------------------------------
     0 | D:1      | Krakonus1 the Hill Orc Fighter began the quest for the Orb.
     0 | D:1      | Reached XP level 1. HP: 19/19 MP: 1/1
     0 | D:1      | Krakonus1: fucking shit all my other orc monks never got so much loot at the one right here in this room
   161 | D:1      | Reached XP level 2. HP: 23/27 MP: 2/2
   181 | D:2      | Found a snail-covered altar of Cheibriados.
   385 | D:3      | Found a stormy altar of Qazlal.
   392 | D:3      | Became a worshipper of Qazlal Stormbringer
   393 | D:3      | Fell from the grace of Qazlal
   394 | D:3      | Became a worshipper of Qazlal Stormbringer
   395 | D:3      | Fell from the grace of Qazlal
   410 | D:3      | Became a worshipper of Beogh the Brigand
   414 | D:3      | Fell from the grace of Beogh
   437 | D:3      | Reached XP level 3. HP: 33/33 MP: 3/3
   448 | D:3      | You fall through a shaft for 2 floors!
   448 | D:5      | Entered Level 5 of the Dungeon
   466 | D:6      | Noticed an ogre
   471 | D:6      | Noticed a bullfrog
   471 | D:6      | Noticed an orc warrior
   473 | D:6      | Became a worshipper of Beogh the Brigand
   484 | D:6      | Slain by a bullfrog

Vault maps used:
D:1:      minmay_arrival_four_loops
D:2:      cheibriados_altar_1
D:3:      first_bread, nicolae_qazlal_eye_of_the_storm
D:5:      cheibrodos_fertilizer

Skill      XL: |  1  2  3 |
---------------+----------+-----
Axes           | 3 |  3.7
Fighting       | 4 |  4.0
Armour         | 4 |  4.0
Dodging        | |  0.2
Shields        | |  3.6

Action                   || total
-------------------------++-------
Melee: War axe           ||    61
Invok: Renounce Religion ||     3
       Convert to Beogh  ||     2
  Use: Potion            ||     1
Armor: Scale mail        ||    28
Dodge: Dodged            ||    23
Block: Shield            ||    25
